 Dungeon Crawl Stone Soup version 0.31-a0-1549-g5ff9445e89 (webtiles) character file.

Game seed: 8493440000976954046

83980 innerfire43 the Stickfighter (level 14, 0/129 HPs)
             Began as a Demonspawn Wanderer on Jan 2, 2024.
             Was the Champion of Jiyva.
             Engulfed by Bai Suzhen's thunder (29 damage)
             ... on level 3 of the Snake Pit.
             The game lasted 00:42:39 (14500 turns).

innerfire43 the Stickfighter (Demonspawn Wanderer) Turns: 14500, Time: 00:42:39

Health: 0/129      AC: 35    Str: 39    XL:     14   Next: 96%
Magic:  14/14      EV:  9    Int: 13    God:    Jiyva [******]
Gold:   1294       SH:  4    Dex: 10    Spells: 13/13 levels left

rFire   . . .        u - +1 lajatang (flame)
rCold   + . .        (shield currently unavailable)
rNeg    . . .        l - +2 crystal plate armour
rPois   .            (helmet unavailable)
rElec   .            b - +2 cloak
rCorr   +            (gloves unavailable)
SInv    +            t - +0 pair of boots of Leapfrog {^Drain Regen+ Int+3}
Will    +....        (no amulet) Stlth
                     e - +6 ring of strength
HPRegen 2.81/turn    A - +6 ring of strength
MPRegen 0.94/turn

%: clarity
@: sanguine armoured, studying Shields, very slow
A: antennae 3, icemail 1, robust 1, spiny 2, sanguine armour 2, condensation
shield, claws 3, clarity, cold resistance 1, strong 2, acidic bite, pseudopods
1, jelly sensing items, jelly absorbing missiles, engulf
}: 1/15 runes: slimy
a: Renounce Religion, Oozemancy, Slimify


You were on level 3 of the Snake Pit.
You worshipped Jiyva.
Jiyva was exalted by your worship.
You visited 4 branches of the dungeon, and saw 22 of its levels.
You also visited: Bailey.

You collected 1294 gold pieces.

Inventory:

Hand Weapons
 a - a +3 quarterstaff
 u - a +1 lajatang of flaming (weapon)
 x - a +4 flail
 O - a +3 lajatang of pain
 Q - a +2 antimagic shortbow
Missiles
 h - 4 silver javelins
 s - 3 throwing nets
Armour
 b - a +2 cloak (worn)
 l - a +2 crystal plate armour (worn)
 n - the +3 leather armour of the New World {Int+3}
   (You found it on level 3 of the Dungeon)

   Int+3:     It affects your intelligence (+3).
 t - the +0 pair of boots of Leapfrog (worn) {^Drain Regen+ Int+3}
   (You found it on level 6 of the Dungeon)

   Int+3:     It affects your intelligence (+3).
   Regen+:    It increases your rate of health regeneration.
   ^Drain:    It drains your maximum health when unequipped.
 I - a +0 kite shield
 J - the +4 robe of Augmentation {Str+4 Int+4 Dex+4}
   (You found it on level 1 of the Lair of Beasts)

   Str+4:     It affects your strength (+4).
   Int+4:     It affects your intelligence (+4).
   Dex+4:     It affects your dexterity (+4).
Jewellery
 e - a +6 ring of strength (left claw)
 f - a +6 ring of intelligence
 k - a ring of protection from cold
 A - a +6 ring of strength (right claw)
 H - a +6 ring of intelligence
 K - the ring "Gudam" {Ice rN+}
   (You found it on level 1 of the Snake Pit)

   [ring of ice]

   Ice:       It enhances your ice magic.
   rF-:       It makes you vulnerable to fire.
   rC+:       It protects you from cold.
   rN+:       It protects you from negative energy.
 L - a +6 ring of dexterity
 P - the ring "Wadey" {^Contam rF+ rC+ Will+}
   (You found it on level 5 of the Pits of Slime)

   [ring of protection from fire]

   rF+:       It protects you from fire.
   rC+:       It protects you from cold.
   Will+:     It increases your willpower.
   ^Contam:   It causes magical contamination when unequipped.
 S - a ring of willpower
 T - the ring "Godum" {rN+++ Will- Dex+2 Slay+4 Stlth+}
   (You found it on level 5 of the Pits of Slime)

   [ring of slaying]

   Dex+2:     It affects your dexterity (+2).
   Slay+4:    It affects your accuracy & damage with ranged weapons and melee
   (+4).
   rN+++:     It renders you almost immune to negative energy.
   Will-:     It decreases your willpower.
   Stlth+:    It makes you more stealthy.
 U - an amulet of guardian spirit
Wands
 c - a wand of roots (8)
 B - a wand of digging (5)
 D - a wand of paralysis (16)
 G - a wand of flame (26)
 N - a wand of quicksilver (4)
 R - a wand of mindburst (6)
Scrolls
 d - 2 scrolls of vulnerability
 q - 3 scrolls of teleportation
 w - 2 scrolls of identify
 y - a scroll of acquirement {unknown}
 z - a scroll of summoning
 E - 3 scrolls of blinking
 F - 2 scrolls of silence
Potions
 g - 3 potions of brilliance
 i - a potion of curing
 j - 2 potions of mutation
 m - 3 potions of enlightenment
 p - a potion of attraction {unknown}
 r - 2 potions of haste
 v - a potion of lignification
 C - a potion of magic {unknown}
 M - a potion of might
Miscellaneous
 o - a sack of spiders


   Skills:
 - Level 13.0 Fighting
 - Level 1.0(10.4) Maces & Flails
 - Level 16.0 Staves
 - Level 13.0 Armour
 - Level 5.0 Dodging
 - Level 6.4 Shields
 * Level 1.9 Necromancy
 - Level 5.0 Evocations


You had 13 spell levels left.
You didn't know any spells.
Your spell library contained the following spells:

 Spells                   Type           Power      Damage    Failure   Level
 Necrotise                Necr           20%        1d5       82%         1
 Sublimation of Blood     Necr           5%         N/A       91%         2
 Shock                    Conj/Air       0%         1d3       97%         1
 Cigotuvi's Dreadful Rot  Necr/Alch/Air  2%         N/A       98%         2
 Call Imp                 Summ           0%         N/A       99%         2
 Vampiric Draining        Necr           5%         2d6       99%         3
 Call Canine Familiar     Summ           0%         N/A       100%        3
 Ozocubu's Armour         Ice            0%         N/A       100%        3
 Sigil of Binding         Hex            0%         N/A       100%        3
 Swiftness                Air            0%         N/A       100%        3
 Airstrike                Air            0%         2d(0-16)  100%        4
 Anguish                  Hex/Necr       1%         N/A       100%        4
 Cause Fear               Hex            0%         N/A       100%        4
 Dimensional Bullseye     Hex/Tloc       0%         N/A       100%        4
 Ignite Poison            Fire/Alch      0%         N/A       100%        4
 Martyr's Knell           Necr/Summ      2%         N/A       100%        4
 Olgreb's Toxic Radiance  Alch           0%         N/A       100%        4
 Petrify                  Alch/Erth      0%         N/A       100%        4
 Sticky Flame             Fire/Alch      0%         2d4       100%        4
 Alistair's Intoxication  Alch           0%         N/A       100%        5
 Curse of Agony           Necr           5%         N/A       100%        5
 Irradiate                Conj/Alch      0%         3d11      100%        5
 Plasma Beam              Fire/Air       0%         2x1d10    100%        6
 Enfeeble                 Hex            0%         N/A       100%        7
 Haunt                    Necr/Summ      1%         N/A       100%        7
 Summon Hydra             Summ           0%         N/A       100%        7
 Ignition                 Fire           0%         3d3       100%        8
 Dragon's Call            Summ           0%         N/A       100%        9


Dungeon Overview and Level Annotations

Branches:
Dungeon (9/15)             Temple (0/1) D:7            Lair (5/5) D:9
 Shoals (0/4) Lair:3        Snake (3/4) Lair:3        Slime (5/5) Lair:5
 Bailey (visited)
    Orc: D:9-12

Altars:
Cheibriados
Dithmenos
Gozag
Hepliaklqana
Okawaru
Ru
Uskayaw
Jiyva

Shops:
D:6 *

Annotations:
Snake:3 Bai Suzhen
Slime:5 Royal Jelly


Innate Abilities, Weirdness & Mutations

You have a pair of large antennae on your head. (SInv)
A meltable icy envelope protects you from harm. (AC +4)
You are robust. (+10% HP)
You are mostly covered in sharp spines.
When seriously injured, your blood forms thick armour. (AC +9)
A meltable shield of frost defends you. (SH +4)
You have claws for hands.
You possess an exceptional clarity of mind.
Your flesh is cold resistant. (rC+)
Your muscles are very strong. (Str +8, Int/Dex -2)
You have acidic saliva.
Armour fits poorly on your pseudopods.
You have a small jelly attached to you that senses nearby items.
You have a small jelly attached to you that may absorb projectiles.
Your melee attacks may engulf your foes in ooze.


Message History

Bai Suzhen is struck by your spines.
Bai Suzhen hits you with a +0 quarterstaff!
* * * LOW HITPOINT WARNING * * *
Bai Suzhen tail-slaps you but does no damage.
You slice Bai Suzhen!!
Bai Suzhen roars in fury and transforms into a fierce dragon!
You burn Bai Suzhen!
You bludgeon Bai Suzhen, but do no damage.
Bai Suzhen is heavily wounded.
You are engulfed in a thunderstorm.
* * * LOW HITPOINT WARNING * * *
You feel sick.
Bai Suzhen is asphyxiated!
You hit Bai Suzhen but do no damage. You bite Bai Suzhen, but do no damage.
You bludgeon Bai Suzhen, but do no damage.
Bai Suzhen is heavily wounded.
You feel sick.
Bai Suzhen is asphyxiated!
The salamander hits you but does no damage.
Bai Suzhen breathes water at you. The torrent of water misses you.
The wave splashes down.
Splash!
You fall into the shallow water.
Moving in this stuff is going to be slow.
You hear a distant slurping noise.
You hear an angry hiss. x3
You hear a shout!
You slice Bai Suzhen!! You burn Bai Suzhen!
Bai Suzhen is severely wounded.
You are engulfed in a thunderstorm.
* * * LOW HITPOINT WARNING * * *
You feel sick.
Bai Suzhen is asphyxiated!
The salamander closely misses you. Bai Suzhen breathes water at you.
The torrent of water hits you!
* * * LOW HITPOINT WARNING * * *
The wave splashes down.
You hear a shout! x4
You feel better.
Bai Suzhen is asphyxiated!
You block the salamander's attack.
Bai Suzhen bites you but does no damage.
Bai Suzhen closely misses you.
Bai Suzhen tramples you but does no damage.
You feel better.
You are engulfed in a thunderstorm.
You die...

# ########### .d
#~~.......# ...
#@§...$...#
.N..##D§.......#
.....N§§.......#
.....$.........+
...##..........#
.. #.†........#
# ###.....####
###.......)#
.......†.#.##


You could see Bai Suzhen (clouds, unsilenced, asphyxiating, catching breath) and
a salamander.

Vanquished Creatures
  Agnes (Snake:3)
  A dire elephant (Lair:5)
  5 hydras
  An alligator (Lair:5)
  A boulder beetle (Lair:5)
  A hell hog (Lair:5)
  2 catoblepae (Lair:1)
  A naga warrior (Snake:2)
  3 anacondas
  A death yak (Lair:5)
  Urug (Lair:4)
  6 shock serpents
  Sonja (Lair:4)
  3 naga sharpshooters
  5 sea snakes
  3 mana vipers
  A lindwurm (Lair:1)
  A wolf spider (Lair:5)
  Maurice (D:8)
  5 salamanders
  3 elephants (Lair:1)
  A guardian serpent (Lair:5)
  25 black mambas
  9 naga magi
  A torpor snail (Lair:5)
  16 cane toads
  Maggie (D:7)
  7 komodo dragons
  3 rime drakes
  Psyche (D:8)
  10 polar bears
  3 raiju (Lair:5)
  12 blink frogs
  Grinder (D:4)
  3 hornets (Lair:5)
  6 dream sheep (Lair:5)
  A wraith (D:5)
  36 yaks
  2 basilisks (Lair:1)
  14 wyverns
  6 wargs (Lair:5)
  A steam dragon (D:8)
  10 nagas
  21 water moccasins
  10 hell hounds (Lair:5)
  11 orc warriors
  15 black bears
  3 ogres
  11 centaurs
  28 wolves
  A phantom (D:7)
  2 kobold brigands
  10 bullfrogs
  4 gnoll sergeants
  3 scorpions
  3 electric eels
  3 howler monkeys
  A bombardier beetle (D:3)
  5 orc priests
  2 hounds
  2 sleepcaps
  4 iguanas
  9 orc wizards
  19 gnolls
  6 adders
  A shadow imp (D:8)
  2 white imps
  2 ribbon worms
  4 dart slugs
  39 orcs
  An endoplasm (D:1)
  A giant cockroach (D:1)
  9 hobgoblins
  4 quokkas
  5 ball pythons
  4 bats
  4 frilled lizards
  4 goblins
  12 kobolds
  2 rats
483 creatures vanquished.

Vanquished Creatures (collateral kills)
  A komodo dragon (Lair:1)
  An adder (D:5)
  An orc (Bailey)
3 creatures vanquished.

Vanquished Creatures (others)
  2 water moccasins (Lair:5)
  2 hell hounds (Lair:5)
  A centaur (Bailey)
  A phantom (D:7)
  A bullfrog (Lair:1)
  A scorpion (D:3)
  46 jellies
  A sleepcap (D:6)
  2 orc wizards
  2 white imps (D:7)
  A dart slug (D:5)
  A ribbon worm (D:4)
  2 orcs
  2 endoplasms
  A quokka (D:3)
  A frilled lizard (D:3)
  A rat (D:2)
68 creatures vanquished.

Grand Total: 554 creatures vanquished

Notes
Turn   | Place    | Note
-------+----------+-------------------------------------------
     0 | D:1      | innerfire43 the Demonspawn Wanderer began the quest for the
                  | Orb.
     0 | D:1      | innerfire43 set off with the following items: a +2
                  | quarterstaff, a +0 mace, a +0 helmet, a scroll of
                  | vulnerability, a +0 leather armour.
     0 | D:1      | Reached XP level 1. HP: 16/16 MP: 1/1
   260 | D:1      | Gained mutation: When seriously injured, your blood forms
                  | armour. (AC +9) [demonic ancestry]
   260 | D:1      | Reached XP level 2. HP: 22/22 MP: 2/2
   620 | D:1      | Found a faded altar of an unknown god.
   696 | D:1      | Prayed at the altar of an unknown god.
   696 | D:1      | Became a worshipper of Jiyva Juveole the Shapeless
   696 | D:1      | Reached * piety under Jiyva
  1392 | D:2      | Reached skill level 4 in Staves
  1573 | D:2      | Reached ** piety under Jiyva
  1622 | D:2      | Gained mutation: You are partially covered in sharp spines.
                  | [demonic ancestry]
  1622 | D:2      | Reached XP level 3. HP: 28/28 MP: 3/3
  1720 | D:2      | Found a sacrificial altar of Ru.
  2140 | D:3      | Gained mutation: When seriously injured, your blood forms
                  | thick armour. (AC +9) [demonic ancestry]
  2140 | D:3      | Reached XP level 4. HP: 34/34 MP: 4/4
  2158 | D:3      | Identified the +3 leather armour of the New World {Int+3}
  2164 | D:3      | Killed a scorpion
  2194 | D:3      | Reached *** piety under Jiyva
  2327 | D:3      | Gained mutation: You are covered in slimy tendrils that may
                  | disarm your opponents. [Jiyva's grace]
  2327 | D:3      | Gained mutation: Armour fits poorly on your pseudopods.
                  | [Jiyva's grace]
  2327 | D:3      | Gained mutation: Armour fits poorly on your large
                  | pseudopods. [Jiyva's grace]
  2327 | D:3      | Gained mutation: Armour fits poorly on your massive
                  | pseudopods. [Jiyva's grace]
  2545 | D:4      | Noticed an ogre
  2554 | D:4      | Killed an ogre
  2555 | D:4      | Gained mutation: You have a pair of small antennae on your
                  | head. [demonic ancestry]
  2555 | D:4      | Reached XP level 5. HP: 23/41 MP: 5/5
  2654 | D:4      | Reached skill level 5 in Staves
  2659 | D:4      | Gained mutation: You have a pair of antennae on your head.
                  | [demonic ancestry]
  2659 | D:4      | Reached XP level 6. HP: 15/47 MP: 6/6
  2665 | D:4      | HP: 2/47 [something/puff of flame (5)]
  2903 | D:4      | Noticed Grinder
  2908 | D:4      | Paralysed by Grinder for 2 turns
  2915 | D:4      | Paralysed by Grinder for 4 turns
  2922 | D:4      | Paralysed by Grinder for 3 turns
  2926 | D:4      | Killed Grinder
  2927 | D:4      | Gained mutation: A meltable shield of frost defends you.
                  | (SH +4) [demonic ancestry]
  2927 | D:4      | Reached XP level 7. HP: 32/53 MP: 7/7
  3019 | D:4      | Reached **** piety under Jiyva
  3330 | D:4      | Reached skill level 5 in Armour
  3462 | D:5      | Entered Level 5 of the Dungeon
  3516 | D:5      | Found an opulent altar of Gozag.
  3554 | D:5      | Reached skill level 6 in Staves
  3768 | D:5      | Noticed a wraith
  3780 | D:5      | Killed a wraith
  3783 | D:5      | Reached XP level 8. HP: 39/61 MP: 8/8
  3908 | D:5      | Reached ***** piety under Jiyva
  4088 | D:5      | Found a shadowy altar of Dithmenos.
  4088 | D:5      | Lost mutation: Armour fits poorly on your massive
                  | pseudopods. [Jiyva's grace]
  4088 | D:5      | Gained mutation: Your body has grown eyes which may confuse
                  | attackers. (Acc +3) [Jiyva's grace]
  4088 | D:5      | Gained mutation: Your body has grown many eyes which may
                  | confuse attackers. (Acc +5) [Jiyva's grace]
  4088 | D:5      | Gained mutation: Your body is covered in eyes which may
                  | confuse attackers. (Acc +7, SInv) [Jiyva's grace]
  4088 | D:5      | Gained mutation: Your flesh is heat resistant. (rF+)
                  | [Jiyva's grace]
  4387 | D:6      | Reached skill level 7 in Staves
  4430 | D:6      | Reached skill level 5 in Fighting
  4430 | D:6      | Reached skill level 1 in Shields
  4450 | D:6      | Found Temisazxarr's Fire Supplies.
  4520 | D:6      | Identified the +0 pair of boots of Leapfrog {^Drain Regen+
                  | Int+3}
  4663 | D:6      | Found a snail-covered altar of Cheibriados.
  4857 | D:7      | Found a staircase to the Ecumenical Temple.
  4894 | D:7      | Found a flagged portal.
  4908 | Bailey   | Entered a bailey
  5053 | Bailey   | Gained mutation: You are robust. (+10% HP) [demonic
                  | ancestry]
  5053 | Bailey   | Reached XP level 9. HP: 63/74 MP: 9/9
  5122 | Bailey   | Lost mutation: Your body is covered in eyes which may
                  | confuse attackers. (Acc +7, SInv) [Jiyva's grace]
  5122 | Bailey   | Gained mutation: Your muscles are strong. (Str +4, Int/Dex
                  | -1) [Jiyva's grace]
  5122 | Bailey   | Gained mutation: Your muscles are very strong. (Str +8,
                  | Int/Dex -2) [Jiyva's grace]
  5122 | Bailey   | Gained mutation: You have acidic saliva. [Jiyva's grace]
  5122 | Bailey   | Gained mutation: You have a small jelly attached to you
                  | that may absorb projectiles. [Jiyva's grace]
  5148 | Bailey   | Reached skill level 5 in Shields
  5181 | Bailey   | Reached skill level 8 in Staves
  5494 | D:7      | Found a hazy altar of Hepliaklqana.
  5631 | D:7      | Reached ****** piety under Jiyva
  5656 | D:7      | Found a sacrificial altar of Ru.
  5772 | D:7      | Gained mutation: You have a pair of large antennae on your
                  | head. (SInv) [demonic ancestry]
  5772 | D:7      | Reached XP level 10. HP: 81/84 MP: 10/10
  5782 | D:7      | Reached skill level 9 in Staves
  5922 | D:7      | Noticed Maggie
  5933 | D:7      | Killed Maggie
  6005 | D:8      | Noticed Psyche
  6022 | D:8      | Killed Psyche
  6123 | D:8      | Noticed Maurice
  6129 | D:8      | Killed Maurice
  6178 | D:8      | Found a hide-covered altar of Uskayaw.
  6184 | D:8      | Found an iron altar of Okawaru.
  6478 | D:8      | Reached skill level 10 in Staves
  6685 | D:9      | Found a staircase to the Lair.
  6737 | Lair:1   | Entered Level 1 of the Lair of Beasts
  6737 | Lair:1   | Noticed a black mamba
  6744 | Lair:1   | Killed a black mamba
  6746 | Lair:1   | Gained mutation: A meltable icy envelope protects you from
                  | harm. (AC +4) [demonic ancestry]
  6746 | Lair:1   | Reached XP level 11. HP: 91/94 MP: 11/11
  6854 | Lair:1   | Lost mutation: Your muscles are very strong. (Str +8,
                  | Int/Dex -2) [Jiyva's grace]
  6854 | Lair:1   | Lost mutation: You have acidic saliva. [Jiyva's grace]
  6854 | Lair:1   | Gained mutation: Your body is covered in eyes which may
                  | confuse attackers. (Acc +7, SInv) [Jiyva's grace]
  6854 | Lair:1   | Gained mutation: You have acidic saliva. [Jiyva's grace]
  6854 | Lair:1   | Gained mutation: You have a small jelly attached to you
                  | that senses nearby items. [Jiyva's grace]
  6854 | Lair:1   | Gained mutation: Your translucent skin slightly reduces
                  | your foes' accuracy. (Stealth+) [Jiyva's grace]
  6968 | Lair:1   | Noticed a catoblepas
  6984 | Lair:1   | Killed a catoblepas
  6985 | Lair:1   | Reached skill level 11 in Staves
  7038 | Lair:1   | Found the +4 robe of Augmentation {Str+4 Int+4 Dex+4}
  7305 | Lair:1   | Noticed a catoblepas
  7305 | Lair:1   | Noticed a lindwurm
  7327 | Lair:1   | Found a runed translucent door.
  7545 | Lair:1   | Killed a catoblepas
  7556 | Lair:1   | Killed a lindwurm
  7775 | Lair:2   | Reached skill level 12 in Staves
  7833 | Lair:2   | Noticed a four-headed hydra
  7837 | Lair:2   | Reached skill level 10 in Armour
  7852 | Lair:2   | Killed a seven-headed hydra
  7855 | Lair:2   | Reached XP level 12. HP: 105/105 MP: 12/12
  8433 | Lair:3   | Found a staircase to the Snake Pit.
  8514 | Lair:3   | Lost mutation: Your muscles are strong. (Str +4, Int/Dex
                  | -1) [Jiyva's grace]
  8514 | Lair:3   | Lost mutation: Your body is covered in eyes which may
                  | confuse attackers. (Acc +7, SInv) [Jiyva's grace]
  8514 | Lair:3   | Gained mutation: You have sharp fingernails. [Jiyva's
                  | grace]
  8514 | Lair:3   | Gained mutation: You have very sharp fingernails. [Jiyva's
                  | grace]
  8514 | Lair:3   | Gained mutation: You have claws for hands. [Jiyva's grace]
  8514 | Lair:3   | Gained mutation: Your mind is acute. (Int +4, Str/Dex -1)
                  | [Jiyva's grace]
  8558 | Lair:3   | Found a staircase to the Shoals.
  9387 | Lair:4   | Found a gate leading to a gauntlet.
  9494 | Lair:4   | Reached skill level 13 in Staves
  9496 | Lair:4   | Reached skill level 10 in Fighting
  9535 | Lair:4   | Lost mutation: You have claws for hands. [Jiyva's grace]
  9535 | Lair:4   | Lost mutation: Your mind is acute. (Int +4, Str/Dex -1)
                  | [Jiyva's grace]
  9535 | Lair:4   | Lost mutation: Your flesh is heat resistant. (rF+) [Jiyva's
                  | grace]
  9535 | Lair:4   | Lost mutation: Your body has grown many eyes which may
                  | confuse attackers. (Acc +5) [Jiyva's grace]
  9535 | Lair:4   | Lost mutation: Your translucent skin slightly reduces your
                  | foes' accuracy. (Stealth+) [Jiyva's grace]
  9535 | Lair:4   | Gained mutation: Your flesh is cold resistant. (rC+)
                  | [Jiyva's grace]
  9535 | Lair:4   | Gained mutation: Your flesh is very cold resistant. (rC++)
                  | [Jiyva's grace]
  9535 | Lair:4   | Gained mutation: Your flesh is almost immune to the effects
                  | of cold. (rC+++) [Jiyva's grace]
  9535 | Lair:4   | Gained mutation: You possess an exceptional clarity of
                  | mind. [Jiyva's grace]
  9626 | Lair:4   | Noticed Sonja
  9663 | Lair:4   | Killed Sonja
  9826 | Lair:4   | Noticed Urug
  9832 | Lair:4   | Killed Urug
 10119 | Lair:5   | Entered Level 5 of the Lair of Beasts
 10174 | Lair:5   | Reached skill level 14 in Staves
 10181 | Lair:5   | Reached XP level 13. HP: 87/115 MP: 13/13
 10666 | Lair:5   | Found a viscous altar of Jiyva.
 10666 | Lair:5   | Found a staircase to the Slime Pits.
 10872 | Lair:5   | Lost mutation: Your flesh is almost immune to the effects
                  | of cold. (rC+++) [Jiyva's grace]
 10872 | Lair:5   | Lost mutation: Your flesh is very cold resistant. (rC++)
                  | [Jiyva's grace]
 10872 | Lair:5   | Lost mutation: Your body has grown eyes which may confuse
                  | attackers. (Acc +3) [Jiyva's grace]
 10872 | Lair:5   | Lost mutation: Armour fits poorly on your large pseudopods.
                  | [Jiyva's grace]
 10872 | Lair:5   | Lost mutation: You are covered in slimy tendrils that may
                  | disarm your opponents. [Jiyva's grace]
 10872 | Lair:5   | Gained mutation: You have claws for hands. [Jiyva's grace]
 10872 | Lair:5   | Gained mutation: Your melee attacks may engulf your foes in
                  | ooze. [Jiyva's grace]
 10872 | Lair:5   | Gained mutation: Your muscles are strong. (Str +4, Int/Dex
                  | -1) [Jiyva's grace]
 10872 | Lair:5   | Gained mutation: Your muscles are very strong. (Str +8,
                  | Int/Dex -2) [Jiyva's grace]
 10938 | Lair:5   | Reached skill level 15 in Staves
 11017 | Lair:5   | Noticed a dire elephant
 11030 | Lair:5   | Killed a dire elephant
 11338 | Lair:5   | Gained mutation: You are mostly covered in sharp spines.
                  | [demonic ancestry]
 11338 | Lair:5   | Reached XP level 14. HP: 100/126 MP: 14/14
 11818 | Slime:1  | Entered Level 1 of the Pits of Slime
 11821 | Slime:1  | Noticed a rockslime
 11821 | Slime:1  | Noticed a quicksilver ooze
 11909 | Slime:2  | Noticed an acid blob
 11916 | Slime:2  | Noticed an acid blob
 11940 | Slime:2  | Noticed a quicksilver ooze
 12054 | Slime:3  | Noticed a quicksilver ooze
 12070 | Slime:3  | Noticed a formless jellyfish
 12072 | Slime:3  | Noticed a rockslime
 12075 | Slime:3  | Noticed a formless jellyfish
 12078 | Slime:3  | Noticed an acid blob
 12198 | Slime:4  | Noticed an azure jelly
 12199 | Slime:4  | Noticed a rockslime
 12289 | Slime:4  | Noticed a quicksilver ooze
 12298 | Slime:4  | Noticed an acid blob
 12341 | Slime:4  | Noticed a rockslime
 12364 | Slime:4  | Noticed an azure jelly
 12456 | Slime:5  | Entered Level 5 of the Pits of Slime
 12461 | Slime:5  | Noticed an acid blob
 12472 | Slime:5  | Identified the staff "Ixkeihost" {rF+ rN++ Int+2 Dex-3 SInv
                  | Fire}
 12484 | Slime:5  | Noticed an azure jelly
 12496 | Slime:5  | Identified the ring "Wadey" {^Contam rF+ rC+ Will+}
 12516 | Slime:5  | Noticed a quicksilver ooze
 12532 | Slime:5  | Noticed the Royal Jelly
 12553 | Slime:5  | Found a viscous altar of Jiyva.
 12560 | Slime:5  | Got a slimy rune of Zot
 12562 | Slime:5  | Got Sif Muna's Discourse on Brumal Shadows
 12563 | Slime:5  | Identified the +0 arbalest of Kojar {heavy, Str-4 Int+4
                  | Dex+2}
 12564 | Slime:5  | Noticed an acid blob
 12565 | Slime:5  | Identified the ring "Godum" {rN+++ Will- Dex+2 Slay+4
                  | Stlth+}
 12570 | Slime:5  | Identified the +1 mace "Rusam" {heavy, rC+}
 12594 | Slime:5  | Noticed an acid blob
 12654 | Slime:5  | Noticed a rockslime
 12654 | Slime:5  | Noticed an acid blob
 12701 | Slime:5  | Noticed an acid blob
 12747 | Slime:5  | Noticed a rockslime
 12797 | Slime:5  | Got the Compilation of the Fluctuating Salamander
 13200 | Snake:1  | Entered Level 1 of the Snake Pit
 13384 | Snake:1  | Reached skill level 16 in Staves
 13447 | Snake:1  | Reached skill level 1 in Evocations
 13487 | Snake:1  | Identified the ring "Gudam" {Ice rN+}
 13551 | Snake:1  | Got the Discursus on Vapourous Allies
 13640 | Snake:1  | You fall into a shaft and drop 1 floor!
 14418 | Snake:3  | Noticed Agnes
 14423 | Snake:3  | Killed Agnes
 14424 | Snake:3  | Reached skill level 5 in Dodging
 14424 | Snake:3  | Reached skill level 5 in Evocations
 14445 | Snake:3  | Reached skill level 1 in Necromancy
 14484 | Snake:3  | Noticed Bai Suzhen
 14500 | Snake:3  | Engulfed by Bai Suzhen's thunder

Illustrated notes

Levels and vault maps discovered:
D:1:      onia_arrival_mini_maze_b, layout_loops_cross,
          shapermc_ecumenical_altar_flowoftime, serial_co_window_serial,
          co_window_of_opportunity_a, co_window_paths_a, co_window_paths_a,
          co_window_paths_b, co_window_corner_a, co_window_of_opportunity_b,
          co_window_broadway_c, co_window_broadway_c, co_window_unsneaky_path_e,
          co_window_2corner, co_window_unsneaky_path_d,
          co_window_unsneaky_path_d, co_window_4corner_a, glass_columns_b
D:2:      layout_rooms, basic_altar, palyth_stone_intersect
D:3:      layout_loops_ring, kennysheep_another_room, st_stairs_10
D:4:      layout_basic, nicolae_hexahallways, uniq_grinder
D:5:      nicolae_cairo_tiling, layout_rooms, pf_just_have_faith,
          nicolae_dithmenos_through_a_glass_darkly,
          mainiacjoe_overflow_concentric_impassable, grunt_decor_one_mirror,
          serial_library_hellmonk_angled_corner, hex_intersection,
          minmay_manual_moon
D:6:      layout_rooms, chei_slow_surprise, minmay_splitting_lines,
          nicolae_shop_fire_sale [nicolae_sub_dead_trees]
D:7:      layout_basic, nicolae_ru_sacrificial_ziggurat,
          nicolae_overflow_crystal_walls, minmay_temple_entry_sparse_star,
          enter_bailey_4, uniq_maggie
D:8:      layout_cave_pools, grunt_temple_overflow_open, grunt_ogre_cave,
          dreamdust_princess_corridor, uniq_psyche, uniq_maurice
D:9:      layout_layer_cave, nicolae_overflow_hidden_temple,
          hellmonk_sif_muna_bookshelves, dpeg_oklobed_lair,
          corexii_corridor_pit, grunt_ministairs_8, uniq_prince_ribbit1,
          uniq_grum
Lair:1:   gammafunk_lair_enchanted_lake, layout_small_grid,
          cheibrodos_lair_reptile_den
Lair:2:   layout_gridlike, st_stairs_11
Lair:3:   layout_long_grid, elwin_shoals_entry_rocks,
          minmay_snake_entry_guardpost_small
Lair:4:   layout_roguey, gauntlet_entry_generic, uniq_sonja, uniq_urug
Lair:5:   hangedman_lair_tendril_chambers, layout_small_grid,
          hangedman_lair_caniforms_friends, dpeg_slime_entry_corner,
          minmay_shattered_shrine
Snake:1:  layout_basic
Snake:2:  layout_misc_corridors, guppyfry_snake_island
Snake:3:  minmay_snake_river, layout_basic, serial_bayou_crossing,
          serial_bayou_shore_b, uniq_agnes, uniq_bai_suzhen, uniq_saint_roka
Slime:1:  layout_caves
Slime:2:  layout_caves
Slime:3:  layout_caves
Slime:4:  layout_caves
Slime:5:  slime_pit_nicolae_jellycorners

Skill      XL: |  1  2  3  4  5  6  7  8  9 10 11 12 13 14 |
---------------+-------------------------------------------+-----
Armour         | 2 3 4 5 6 7 9 10 11 12 13 | 13.0
Staves         | 4 5 6 7 8 10 12 14 15 16 | 16.0
Fighting       | 3 4 5 6 7 9 10 12 13 | 13.0
Shields        | 3 6 |  6.4
Dodging        | 5 |  5.0
Evocations     | 5 |  5.0
Necromancy     | 1 |  1.9
Maces & Flails | |  1.0

Action                     |  1- 3 |  4- 6 |  7- 9 | 10-12 | 13-15 || total
---------------------------+-------+-------+-------+-------+-------++-------
  Melee: Quarterstaff      |    80 |    58 |   120 |       |       ||   258
         Pseudopods        |       |     5 |    48 |    86 |    86 ||   225
         Lajatang          |       |       |   137 |   449 |   524 ||  1110
         Bite              |       |       |    11 |    54 |    57 ||   122
  Evoke: Wand              |       |       |       |       |     2 ||     2
    Use: Scroll            |       |     6 |     4 |     9 |     6 ||    25
         Potion            |       |     1 |       |     2 |     3 ||     6
   Stab: Confused          |       |       |     2 |    13 |       ||    15
         Petrified         |       |       |       |     8 |       ||     8
 Armour: Leather armour    |    30 |       |       |       |       ||    30
         Crystal plate arm |    22 |    63 |   460 |   518 |   592 ||  1655
  Dodge: Dodged            |    32 |     2 |    59 |   131 |   206 ||   430
  Block: Other             |       |       |    73 |    79 |    68 ||   220

Table legend: (Time is in decaauts)
 A = Elapsed time spent in this place.
 B = Non-inter-level travel time spent in this place.
 C = Inter-level travel time spent in this place.
 D = Time resting spent in this place.
 E = Time spent auto-exploring this place.
 F = Levels seen in this place.
 G = Mean time per level.
                   A        B        C        D        E       F      G
               +--------+--------+--------+--------+--------+-----+--------+
         Total |  14368 |  13239 |   1129 |      0 |   9810 |  23 |  624.7 |
       Dungeon |   6185 |   5705 |    480 |      0 |   4415 |   9 |  687.2 |
          Lair |   5210 |   4735 |    475 |      0 |   3472 |   5 | 1042.0 |
     Snake Pit |   1248 |   1233 |     15 |      0 |    865 |   3 |  416.0 |
    Slime Pits |   1170 |   1011 |    159 |      0 |    927 |   5 |  234.0 |
        Bailey |    553 |    553 |      0 |      0 |    130 |   1 |  553.0 |
               +--------+--------+--------+--------+--------+-----+--------+

Top non-repeatable levels by time:
  Lair:5: 1713 daAuts
     D:1: 1374 daAuts
  Lair:3: 980 daAuts
  Lair:1: 936 daAuts
     D:4: 927 daAuts
  Lair:4: 839 daAuts
     D:5: 822 daAuts
  Lair:2: 740 daAuts
 Snake:2: 659 daAuts
     D:3: 654 daAuts
     D:7: 578 daAuts
     D:6: 566 daAuts
  Bailey: 553 daAuts
     D:8: 538 daAuts
     D:2: 516 daAuts
